 Dungeon Crawl Stone Soup version 0.27.1-3-gb3d3a73c9e (webtiles) character file.

Game seed: 13959065665913803225

637 DearestLeader the Skirmisher (level 7, -13/60 HPs)
             Began as a Gnoll Wanderer on Oct 13, 2021.
             Mangled by an ogre (24 damage)
             ... on level 5 of the Dungeon.
             The game lasted 00:07:03 (4111 turns).

DearestLeader the Skirmisher (Gnoll Wanderer)       Turns: 4111, Time: 00:07:04

Health: -13/60     AC:  7    Str: 14    XL:     7   Next: 50%
Magic:  6/10       EV: 12    Int: 11    God:
Gold:   177        SH:  5    Dex: 11    Spells: 8/11 levels left

rFire    . . .     SeeInvis .   f - +4 spear
rCold    . . .     Faith    .   (no shield)
rNeg     . . .     Spirit   .   s - +3 leather armour
rPois    .         Reflect  +   (no helmet)
rElec    .         Harm     .   (no cloak)
rCorr    .         Rampage  .   (no gloves)
Will     .....                  y - +0 pair of boots
Stlth    ++........             l - amulet of reflection
HPRegen  0.20/turn              (no ring)
MPRegen  0.12/turn              (no ring)

@: no status effects
A: fangs 1, strong nose, distributed training
a: no special abilities


You were on level 5 of the Dungeon.
You visited 1 branch of the dungeon, and saw 5 of its levels.

You collected 177 gold pieces.

Inventory:

Hand Weapons
 a - a +2 dagger
 d - a +0 quarterstaff
 f - a +4 spear (weapon)
Missiles
 p - 2 curare-tipped darts (quivered)
Armour
 m - a +0 chain mail
 s - a +3 leather armour (worn)
 y - a +0 pair of boots (worn)
Jewellery
 l - an amulet of reflection (around neck)
Wands
 v - a wand of acid (8)
Scrolls
 b - a scroll of blinking
 c - a scroll of teleportation
 e - a scroll of fog {unknown}
 h - a scroll of amnesia {unknown}
 i - a scroll of holy word {unknown}
 n - a scroll of identify {unknown}
 t - a scroll of immolation {unknown}
 w - a scroll of noise {unknown}
Potions
 g - a potion of attraction {unknown}
 j - a potion of might {unknown}
 k - 2 potions of heal wounds
 o - 2 potions of curing {unknown}
 q - 3 potions of brilliance {unknown}
 r - a potion of flight {unknown}
 u - a potion of cancellation {unknown}
 x - a potion of mutation {unknown}


   Skills:
 + Level 7.0 Fighting
 + Level 2.5 Short Blades
 + Level 3.6 Long Blades
 + Level 2.5 Axes
 + Level 2.5 Maces & Flails
 + Level 2.5 Polearms
 + Level 5.2 Staves
 + Level 2.5 Slings
 + Level 2.5 Bows
 + Level 2.5 Crossbows
 + Level 3.6 Throwing
 + Level 2.5 Armour
 + Level 3.6 Dodging
 + Level 4.9 Stealth
 + Level 2.5 Shields
 + Level 2.5 Unarmed Combat
 + Level 2.5 Spellcasting
 + Level 2.0 Conjurations
 + Level 2.0 Hexes
 + Level 2.0 Summonings
 + Level 2.0 Necromancy
 + Level 2.0 Translocations
 + Level 2.0 Transmutations
 + Level 2.0 Fire Magic
 + Level 2.0 Ice Magic
 + Level 2.0 Air Magic
 + Level 2.0 Earth Magic
 + Level 2.0 Poison Magic
 + Level 2.8 Invocations
 + Level 2.5 Evocations


You had 8 spell levels left.
You knew the following spells:

 Your Spells              Type           Power      Damage    Failure   Level
a - Call Canine Familiar  Summ           5%         N/A       41%         3

Your spell library contained the following spells:

 Spells                   Type           Power      Damage    Failure   Level
 Summon Small Mammal      Summ           20%        N/A       14%         1
 Ozocubu's Armour         Ice            5%         N/A       41%         3
 Summon Guardian Golem    Hex/Summ       5%         N/A       41%         3
 Petrify                  Tmut/Erth      5%         N/A       82%         4
 Metabolic Englaciation   Hex/Ice        2%         N/A       99%         5
 Statue Form              Tmut/Erth      3%         N/A       100%        6
 Ozocubu's Refrigeration  Ice            2%         4d5       100%        7


Dungeon Overview and Level Annotations

Branches:
Dungeon (5/15)
 Temple: D:4-7

Altars:

Shops:
D:2 *   D:4 (

Annotations:
D:4 3 runed translucent doors


Innate Abilities, Weirdness & Mutations

You have very sharp teeth.
Your uncanny sense of smell can sniff out nearby items.
Your experience applies equally to all skills.


Message History

The nameless horror is almost destroyed.
The ogre misses you.
The nameless horror completely misses you.
You hit the nameless horror.
You destroy the nameless horror!
That felt strangely unrewarding.
You puncture the ogre! Your bite misses the ogre.
The ogre is moderately wounded.
The ogre hits you with a +0 giant spiked club!!
You barely miss the ogre.
The ogre is moderately wounded.
The ogre completely misses you.
You hit the ogre but do no damage.
The ogre is moderately wounded.
The ogre misses you.
You hit the ogre.
The ogre is moderately wounded.
You hit the ogre.
The ogre is heavily wounded.
The ogre barely misses you.
You hit the ogre.
The ogre is heavily wounded.
The ogre hits you with a +0 giant spiked club!
Your magical contamination has completely faded away.
You barely miss the ogre. You bite the ogre, but do no damage.
The ogre is heavily wounded.
The ogre misses you.
You hit the ogre.
The ogre is heavily wounded.
You hit the ogre.
The ogre is severely wounded.
The ogre hits you with a +0 giant spiked club!!
* * * LOW HITPOINT WARNING * * *
You hit the ogre.
The ogre is almost dead.
The ogre misses you.
You hit the ogre but do no damage.
The ogre is almost dead.
The ogre hits you with a +0 giant spiked club!!
You die...

......##............#.#
......##..............#
......##............###
......##............#
....# #............#
....# ###..####.####
....#######.## #.#
.............# #O#
....#######..###@#
....#............#
....#...........(#### ∆
#####................
#.............###
#.............#
##########....# .....#
....# ∆ ∆


You could see an ogre.

Vanquished Creatures
  A black bear (D:5)
  An ice beast (D:5)
  A bullfrog (D:5)
  A nameless horror (D:5)
  A centaur zombie (D:4)
  2 orc priests (D:4)
  A centaur skeleton (D:3)
  Jessica (D:3)
  A bullfrog skeleton (D:5)
  An iguana (D:4)
  An orc wizard (D:3)
  A hound skeleton (D:4)
  5 adders
  2 ufetubi (D:4)
  An adder skeleton (D:4)
  A worm (D:3)
  2 dart slugs
  8 orcs
  5 endoplasms
  7 giant cockroaches
  6 hobgoblins
  13 jackals
  8 kobolds
  3 quokkas
  6 ball pythons
  4 bats
  3 frilled lizards
  6 goblins
  6 rats
99 creatures vanquished.

Vanquished Creatures (others)
  A plant (D:4)
1 creature vanquished.

Grand Total: 100 creatures vanquished

Notes
Turn   | Place    | Note
-------+----------+-------------------------------------------
     0 | D:1      | DearestLeader the Gnoll Wanderer began the quest for the
                  | Orb.
     0 | D:1      | DearestLeader set off with the following items: a +2
                  | dagger, a scroll of blinking, a scroll of teleportation, a
                  | +0 quarterstaff, a +0 robe
     0 | D:1      | Reached XP level 1. HP: 23/23 MP: 1/1
   146 | D:1      | Reached XP level 2. HP: 27/29 MP: 2/2
   563 | D:1      | Reached XP level 3. HP: 33/35 MP: 3/3
   883 | D:1      | Found a faded altar of an unknown god.
  1104 | D:2      | Found Tusyap's Assorted Antiques.
  1159 | D:2      | Reached skill level 1 in Invocations
  1491 | D:2      | Reached skill level 1 in Short Blades
  1491 | D:2      | Reached skill level 1 in Axes
  1491 | D:2      | Reached skill level 1 in Maces & Flails
  1491 | D:2      | Reached skill level 1 in Polearms
  1491 | D:2      | Reached skill level 1 in Slings
  1491 | D:2      | Reached skill level 1 in Bows
  1491 | D:2      | Reached skill level 1 in Crossbows
  1491 | D:2      | Reached skill level 1 in Armour
  1491 | D:2      | Reached skill level 1 in Shields
  1491 | D:2      | Reached skill level 1 in Unarmed Combat
  1491 | D:2      | Reached skill level 1 in Spellcasting
  1491 | D:2      | Reached skill level 1 in Evocations
  1594 | D:2      | Reached XP level 4. HP: 38/41 MP: 5/5
  2026 | D:3      | Reached skill level 1 in Conjurations
  2026 | D:3      | Reached skill level 1 in Hexes
  2026 | D:3      | Reached skill level 1 in Summonings
  2026 | D:3      | Reached skill level 1 in Necromancy
  2026 | D:3      | Reached skill level 1 in Translocations
  2026 | D:3      | Reached skill level 1 in Transmutations
  2026 | D:3      | Reached skill level 1 in Fire Magic
  2026 | D:3      | Reached skill level 1 in Ice Magic
  2026 | D:3      | Reached skill level 1 in Air Magic
  2026 | D:3      | Reached skill level 1 in Earth Magic
  2026 | D:3      | Reached skill level 1 in Poison Magic
  2043 | D:3      | HP: 1/41 [orc (9)]
  2223 | D:3      | Reached XP level 5. HP: 47/47 MP: 6/6
  2535 | D:3      | Noticed Jessica
  2543 | D:3      | Killed Jessica
  2767 | D:4      | Reached XP level 6. HP: 53/53 MP: 8/8
  3120 | D:4      | Learned a level 3 spell: Call Canine Familiar
  3223 | D:4      | Reached skill level 5 in Staves
  3367 | D:4      | Found a runed translucent gate.
  3367 | D:4      | Found a runed translucent gate.
  3367 | D:4      | Found a runed translucent gate.
  3384 | D:4      | Found Bosuchon's Weapon Boutique.
  3658 | D:5      | Entered Level 5 of the Dungeon
  3727 | D:5      | Noticed a black bear
  3738 | D:5      | Killed a black bear
  3739 | D:5      | Reached XP level 7. HP: 24/59 MP: 10/10
  3962 | D:5      | Reached skill level 7 in Fighting
  4111 | D:5      | Mangled by an ogre

Illustrated notes

Levels and vault maps discovered:
D:1:      nzn_arrival_water_spiral, layout_basic,
          dreamdust_ecumenical_altar_hidden_monk_grotto, palyth_stone_intersect,
          minmay_fountain_box, minmay_split_cup_large
D:2:      layout_basic, serial_shops, shop
D:3:      layout_basic, fountainhead, uniq_jessica
D:4:      layout_basic, gammafunk_ghost_icy, serial_shops, nicolae_shop_trees,
          nicolae_inconvenience_store, serial_bayou_pond_d, patterned_corridor
D:5:      layout_basic

Skill      XL: |  1  2  3  4  5  6  7 |
---------------+----------------------+-----
Invocations    | 1 2 |  2.8
Short Blades   | 1 2 |  2.5
Axes           | 1 2 |  2.5
Maces & Flails | 1 2 |  2.5
Polearms       | 1 2 |  2.5
Slings         | 1 2 |  2.5
Bows           | 1 2 |  2.5
Crossbows      | 1 2 |  2.5
Armour         | 1 2 |  2.5
Shields        | 1 2 |  2.5
Unarmed Combat | 1 2 |  2.5
Spellcasting   | 1 2 |  2.5
Evocations     | 1 2 |  2.5
Conjurations   | 1 2 |  2.0
Hexes          | 1 2 |  2.0
Summonings     | 1 2 |  2.0
Necromancy     | 1 2 |  2.0
Translocations | 1 2 |  2.0
Transmutations | 1 2 |  2.0
Fire Magic     | 1 2 |  2.0
Ice Magic      | 1 2 |  2.0
Air Magic      | 1 2 |  2.0
Earth Magic    | 1 2 |  2.0
Poison Magic   | 1 2 |  2.0
Long Blades    | 3 |  3.6
Throwing       | 3 |  3.6
Dodging        | 3 |  3.6
Staves         | 5 |  5.2
Fighting       | 7 |  7.0
Stealth        | |  4.9

Action                   |  1- 3 |  4- 6 |  7- 9 || total
-------------------------+-------+-------+-------++-------
Melee: Dagger            |    13 |       |       ||    13
       Spear             |    94 |   187 |    41 ||   322
       Bite              |     3 |    16 |     4 ||    23
  Use: Potion            |       |     1 |       ||     1
 Stab: Sleeping          |    10 |     7 |     1 ||    18
       Distracted        |       |     1 |       ||     1
Armor: Robe              |    11 |       |       ||    11
       Chain mail        |     9 |    13 |       ||    22
       Leather armour    |       |    45 |     4 ||    49
Dodge: Dodged            |    39 |    93 |    18 ||   150
Block: Other             |     4 |    41 |     7 ||    52
       Reflection        |     2 |     1 |       ||     3
